 Dungeon Crawl Stone Soup version 0.19-a0 (webtiles) character file.

107239 graki42 the Unseen (level 17, -1/114 HPs)
             Began as a Halfling Assassin on Apr 27, 2016.
             Was a High Priest of Okawaru.
             Shot with an arrow by a naga sharpshooter (25 damage)
             ... led by Vashnia
             ... on level 3 of the Snake Pit.
             The game lasted 02:31:00 (25255 turns).

graki42 the Unseen (Halfling Assassin)             Turns: 25255, Time: 02:31:13

Health: -1/114     AC: 12    Str: 11    XL:     17   Next: 1%
Magic:  14/20      EV: 37    Int: 12    God:    Okawaru [*****.]
Gold:   1733       SH: 17    Dex: 27    Spells: 0 memorised, 16 levels left

rFire  + . .     SeeInvis +     C - +6 dagger (distort)
rCold  . . .     Gourm    .     x - +2 leather armour of Liberalism {Int+2 Slay+3 Stlth+}
rNeg   . . .     Faith    .     f - +2 buckler
rPois  +         Spirit   .     j - +0 hat of Broken Taboos {-Cast rF+ Slay+3 SInv}
rElec  .         Dismiss  .     O - +1 cloak {rPois}
rCorr  .         Reflect  +     (no gloves)
SustAt .         Harm     .     o - +2 pair of boots {Stlth+}
MR     +....     NoCast   +     i - +4 amulet of reflection
Stlth  ++++++++++               E - ring of stealth
                                D - +4 ring of dexterity

@: lethally poisoned (-1 -> -1), heroism, finesse, very slightly contaminated,
invisible, somewhat resistant to hostile enchantments, uncannily stealthy
A: mutation resistance 1
a: Heroism, Finesse, Renounce Religion


You were on level 3 of the Snake Pit.
You worshipped Okawaru.
Okawaru was extremely pleased with you.
You were not hungry.

You visited 4 branches of the dungeon, and saw 26 of its levels.
You also visited: Labyrinth.

You collected 2413 gold pieces.
You spent 680 gold pieces at shops.

Inventory:

Hand Weapons
 d - the +6 hand axe "Azeic" {chop, +Rage, unknown}
   (You found it on level 2 of the Snake Pit)

   It inflicts extra damage upon your enemies.
   It lets you go berserk.
 C - a +6 dagger of distortion (weapon)
Missiles
 a - 2 throwing nets (quivered)
 p - 45 tomahawks
 w - 12 tomahawks of dispersal
Armour
 f - a +2 buckler (worn)
 j - the +0 hat of Broken Taboos (worn) {-Cast rF+ Slay+3 SInv}
   (Okawaru gifted it to you on level 2 of the Orcish Mines)

   It affects your accuracy and damage with ranged weapons and melee attacks
   (+3).
   It protects you from fire.
   It lets you see invisible.
   It prevents spellcasting.
 o - a +2 pair of boots of stealth (worn)
 x - the +2 leather armour of Liberalism (worn) {Int+2 Slay+3 Stlth+}
   (You bought it in a shop on level 2 of the Orcish Mines)

   It affects your intelligence (+2).
   It affects your accuracy and damage with ranged weapons and melee attacks
   (+3).
   It makes you more stealthy.
 O - a +1 cloak of poison resistance (worn)
Jewellery
 e - an uncursed ring of protection from cold
 i - a +4 amulet of reflection (around neck)
 A - an uncursed ring of protection from magic
 D - a +4 ring of dexterity (left hand)
 E - a ring of stealth (right hand)
 X - an uncursed ring of protection from fire
Wands
 b - a wand of acid (5/15)
 U - a wand of confusion (45/48)
Scrolls
 m - 12 scrolls of remove curse
 y - 2 scrolls of teleportation
 B - 3 scrolls of fear
 F - a scroll of blinking
Potions
 c - 7 potions of curing
 h - 4 potions of flight
 l - 4 potions of heal wounds
 u - a potion of resistance
 v - 2 potions of agility
 I - 2 potions of haste
Miscellaneous
 L - a stone of tremors
Comestibles
 g - 14 bread rations
 k - 2 beef jerkies
 t - 26 fruits


   Skills:
 * Level 9.6(14.6) Fighting
 + Level 13.1(18.1) Short Blades
 + Level 4.9(9.9) Throwing
 + Level 6.9(11.9) Armour
 + Level 15.4(20.4) Dodging
 + Level 17.1(22.1) Stealth
 + Level 10.5(15.5) Shields
 + Level 4.8 Invocations
 + Level 3.0 Evocations


You had 16 spell levels left.
You didn't know any spells.

Dungeon Overview and Level Annotations

Branches:
Dungeon (12/15)            Temple (0/1) D:7            Lair (8/8) D:10
 Shoals (0/4) Lair:3        Snake (4/4) Lair:4        Slime (0/6) Lair:6
    Orc (2/2) D:11            Elf (0/3) Orc:2

Altars:
Ashenzari
Cheibriados
Dithmenos
Fedhas
Gozag
Makhleb
Nemelex Xobeh
Okawaru
Pakellas
Qazlal
Sif Muna
Vehumet
Xom
Yredelemnul

Shops:
D:8 !   D:12 [   Orc:1 *   Orc:2 *[[}

Annotations:
D:6 inmateoo's ghost, novice VSMo
Lair:2 Gastronok
Snake:3 Vashnia


Innate Abilities, Weirdness & Mutations

You are small and have problems with some larger weapons.
You are somewhat resistant to further mutation.


Message History

The naga ritualist spits poison at you. The splash of poison hits you!
You resist.
Vashnia unwields an uncursed short sword of draining.
Vashnia wields a runed longbow.
It bursts into flame!
Vashnia gestures wildly while chanting.
Vashnia magically shoots an arrow.
The arrow hits you!
* * * LOW HITPOINT WARNING * * *
You hit the naga ritualist.
The naga ritualist is moderately wounded.
The naga ritualist blinks!
The naga sharpshooter mumbles some strange words.
The naga sharpshooter magically shoots an arrow.
You reflect the arrow off an invisible shield around you!
The naga sharpshooter mumbles some strange words.
The naga sharpshooter magically shoots an arrow.
You reflect the arrow off an invisible shield around you!
The naga sharpshooter mumbles some strange words.
The naga sharpshooter magically shoots an arrow.
The arrow hits you!!
You die...

.######### .S#. .? ##
...### #.# ##. ....###..#
##.. #.#.##..### ####..#
######.#........ #....##
#.........N..# #####.####
#.).......NN### ###.....#
#.......N(NNS@####...#####
#####.(N####......###
#.(## ####.######## .N...#
#..S..[.)###### ..N..###
########)...##. .N(N##
###########>........ ....
#...........######## ...
#......###### # ..
#......# #


You could see Vashnia, 4 naga sharpshooters, a salamander, a mana viper, a black
mamba and a naga.

Vanquished Creatures
  Frances (Snake:2)
  A greater naga (Snake:3)
  Maud (Lair:6)
  Donald (Snake:3)
  Nessos (Lair:6)
  A minotaur (Lab)
  A naga warrior (Snake:2)
  2 anacondas (Snake:2)
  3 hydras
  Harold (Lair:2)
  2 centaur warriors (D:12)
  Erica (Lair:2)
  A catoblepas (Lair:8)
  A shock serpent (Snake:4)
  Urug (D:12)
  2 orc high priests (Orc:2)
  The ghost of Mefis the Thaumaturge, a journeyman DEWz of Sif Muna (D:10)
  A naga sharpshooter (Snake:2)
  Nergalle (Lair:2)
  5 skeletal warriors (D:12)
  An unseen horror (D:12)
  2 hill giants (D:12)
  An orc knight (Orc:2)
  A griffon (Lair:7)
  A deep elf mage (D:12)
  3 orc sorcerers
  3 ugly things
  A cyclops (D:12)
  16 black mambas
  2 salamanders
  6 oklob plants
  2 elephants
  2 gargoyles (Lab)
  15 spiny frogs
  8 komodo dragons
  A rime drake (Lair:6)
  3 trolls
  A polar bear (Lair:7)
  3 two-headed ogres
  15 blink frogs
  3 slime creatures
  Sigmund (D:5)
  4 humans (D:9)
  3 shadows
  4 basilisks
  35 yaks
  A hungry ghost (D:11)
  13 hippogriffs
  A steam dragon (Lair:2)
  9 nagas
  15 water moccasins
  9 porcupines
  23 orc warriors
  A phantom (D:11)
  2 black bears (D:12)
  9 ogres
  4 sky beasts
  8 ice beasts
  A necrophage (D:8)
  5 wolves (Lair:7)
  8 centaurs
  12 crocodiles
  3 big kobolds
  13 giant frogs
  2 gnoll sergeants (D:9)
  A wyvern skeleton (D:11)
  A scorpion (D:8)
  A troll zombie (D:11)
  17 killer bees
  5 wights (D:6)
  A spriggan skeleton (Lab)
  A troll skeleton (Lab)
  An electric eel (Lair:1)
  6 howler monkeys
  2 crimson imps
  A centaur zombie (D:8)
  A quasit (D:12)
  5 jellies
  27 orc priests
  9 hounds
  A gnoll shaman (D:9)
  A centaur skeleton (D:9)
  24 orc wizards
  3 giant frog skeletons
  7 iguanas
  4 hell rats (Lair:4)
  6 worker ants
  2 killer bee zombies
  5 ogre zombies (D:11)
  23 sheep
  An ogre skeleton (Lab)
  2 hound zombies
  2 worker ant zombies
  A howler monkey skeleton (D:9)
  11 gnolls
  11 adders
  36 river rats
  2 shadow imps
  An adder skeleton (D:4)
  4 worms
  3 dart slugs
  3 giant geckos
  82 orcs
  5 giant cockroaches
  2 gnoll zombies (D:9)
  8 goblins
  18 hobgoblins
  13 jackals
  26 kobolds
  3 quokkas
  4 ball pythons
  9 bats
  2 giant newts
  4 goblin skeletons (D:11)
  A hobgoblin skeleton (D:11)
  2 hobgoblin zombies (D:11)
  11 orc zombies (D:11)
  2 rats
  3 plants
732 creatures vanquished.

Vanquished Creatures (others)
  A naga warrior (Snake:3)
  A hydra (Lair:8)
  A catoblepas (Lair:8)
  9 death yaks
  An orc high priest (Orc:2)
  4 orc knights
  A hill giant (D:12)
  A griffon (Lair:8)
  An oklob plant (Lair:2)
  A mana viper (Snake:3)
  3 elephants (Lair:7)
  2 black mambas
  2 spiny frogs
  2 rime drakes
  5 komodo dragons
  A slime creature (D:12)
  A human (D:9)
  18 yaks
  A hippogriff (Lair:2)
  A warg (Orc:1)
  A porcupine (Lair:6)
  5 orc warriors
  An ice beast (Lair:2)
  An eye of draining (D:11)
  A phantom (D:10)
  A centaur (D:12)
  2 crocodiles
  A big kobold (D:7)
  A wyvern skeleton (D:11)
  A howler monkey (D:9)
  2 crimson imps
  A jelly (D:9)
  2 orc priests
  2 giant frog skeletons
  4 orc wizards
  2 hell rats (Lair:4)
  A worker ant (D:5)
  2 sheep
  3 river rats
  A gnoll (D:5)
  9 orcs
  A jackal (D:9)
  A jackal skeleton (D:6)
  4 kobolds
  An orc zombie (D:11)
  A quokka zombie (D:8)
  A bush (Lair:7)
  67 fungi
  28 plants
205 creatures vanquished.

Grand Total: 937 creatures vanquished

Notes
Turn   | Place    | Note
--------------------------------------------------------------
     0 | D:1      | graki42 the Halfling Assassin began the quest for the Orb.
     0 | D:1      | Reached XP level 1. HP: 14/14 MP: 1/1
   233 | D:1      | Reached XP level 2. HP: 19/19 MP: 2/2
   552 | D:1      | Reached skill level 5 in Stealth
   911 | D:2      | Reached XP level 3. HP: 24/24 MP: 3/3
  1008 | D:2      | Found a deep blue altar of Sif Muna.
  1498 | D:2      | Reached XP level 4. HP: 29/29 MP: 4/4
  1590 | D:3      | Found an oddly glowing altar of Pakellas.
  1590 | D:3      | Noticed an orange crystal statue
  1591 | D:3      | Noticed a yak
  1601 | D:3      | Killed a yak
  2446 | D:3      | Found a shimmering altar of Xom.
  2969 | D:2      | Reached XP level 5. HP: 21/34 MP: 5/5
  3195 | D:3      | Found a blossoming altar of Fedhas.
  3237 | D:4      | Reached skill level 1 in Armour
  3407 | D:4      | Found a burning altar of Makhleb.
  3510 | D:4      | Found an iron altar of Okawaru.
  3513 | D:4      | Became a worshipper of Warmaster Okawaru
  3558 | D:4      | Found a sparkling altar of Nemelex Xobeh.
  3676 | D:4      | Noticed an ogre
  3695 | D:4      | Killed an ogre
  3695 | D:4      | Reached XP level 6. HP: 23/39 MP: 6/6
  3966 | D:4      | Reached skill level 6 in Stealth
  4190 | D:5      | Entered Level 5 of the Dungeon
  4456 | D:5      | Found a shattered altar of Ashenzari.
  4474 | D:5      | Noticed an ogre
  4481 | D:5      | Killed an ogre
  4481 | D:5      | Reached * piety under Okawaru
  4481 | D:5      | Reached XP level 7. HP: 43/45 MP: 7/7
  4601 | D:5      | Noticed Sigmund
  4602 | D:5      | Found a shadowy altar of Dithmenos.
  4616 | D:5      | Killed Sigmund
  4690 | D:5      | Reached ** piety under Okawaru
  4690 | D:5      | Reached XP level 8. HP: 51/51 MP: 8/8
  4929 | D:6      | Reached skill level 5 in Dodging
  5157 | D:6      | Noticed inmateoo's ghost (novice VSMo)
  5278 | D:6      | Reached skill level 7 in Stealth
  5620 | D:6      | Found a snail-covered altar of Cheibriados.
  5710 | D:7      | Reached skill level 8 in Stealth
  5710 | D:7      | Reached XP level 9. HP: 56/56 MP: 9/9
  5787 | D:7      | Found a staircase to the Ecumenical Temple.
  5813 | D:7      | Reached skill level 5 in Short Blades
  5862 | D:7      | Reached *** piety under Okawaru
  6017 | D:7      | Reached skill level 9 in Stealth
  6622 | D:7      | Got a glittering copper ring
  6665 | D:8      | Found Rebay's Distillery.
  6716 | D:8      | Got a faintly humming leather armour
  6727 | D:8      | Identified the +1 leather armour of Nobility {rC+ MR+ Dex-4 SInv} (You found it on level 8 of the Dungeon)
  6739 | D:8      | Identified the ring of the Solstice {rN+ EV+1} (You found it on level 7 of the Dungeon)
  6779 | D:8      | Found a stormy altar of Qazlal.
  6857 | D:8      | Found a radiant altar of Vehumet.
  6924 | D:8      | Noticed a two-headed ogre
  6926 | D:8      | Killed a two-headed ogre
  6926 | D:8      | Received a gift from Okawaru
  7081 | D:8      | Found a blossoming altar of Fedhas.
  7385 | D:9      | Noticed a two-headed ogre
  7425 | D:9      | Killed a two-headed ogre
  7425 | D:9      | Reached **** piety under Okawaru
  7425 | D:9      | Reached skill level 10 in Stealth
  7425 | D:9      | Reached XP level 10. HP: 52/63 MP: 10/10
  7616 | D:9      | Reached skill level 5 in Armour
  7715 | D:9      | Found an opulent altar of Gozag.
  8035 | D:9      | Reached skill level 11 in Stealth
  8061 | D:9      | Reached ***** piety under Okawaru
  8340 | D:9      | Found a basalt altar of Yredelemnul.
  8459 | D:9      | Reached skill level 1 in Evocations
  8641 | D:9      | Received a gift from Okawaru
  9009 | D:9      | Reached XP level 11. HP: 70/70 MP: 11/11
  9444 | D:10     | Entered Level 10 of the Dungeon
  9445 | D:10     | Received a gift from Okawaru
  9516 | D:10     | Reached skill level 1 in Shields
  9517 | D:10     | Reached skill level 10 in Dodging
  9559 | D:10     | Noticed an elephant
  9560 | D:10     | Found a staircase to the Lair.
  9560 | D:10     | Noticed a death yak
  9628 | D:10     | Noticed Mefis's ghost (journeyman DEWz)
  9667 | D:10     | Killed Mefis's ghost
  9667 | D:10     | Reached skill level 1 in Invocations
  9704 | D:10     | Killed an elephant
  9721 | D:10     | Banished a death yak
  9797 | D:10     | Reached skill level 5 in Fighting
 10642 | Lair:1   | Entered Level 1 of the Lair of Beasts
 11216 | Lair:2   | Noticed Nergalle
 11217 | Lair:2   | Killed Nergalle
 11222 | Lair:2   | Reached XP level 12. HP: 77/77 MP: 13/13
 11342 | Lair:2   | Found a frozen archway.
 11403 | Lair:2   | Reached skill level 12 in Stealth
 11550 | Lair:2   | Noticed Gastronok
 11558 | Lair:2   | Found a labyrinth entrance.
 11562 | Lab      | Entered a labyrinth
 11883 | Lab      | Noticed a minotaur
 11885 | Lab      | Killed a minotaur
 11960 | Lair:2   | Received a gift from Okawaru
 11980 | Lair:2   | Received a gift from Okawaru
 12210 | Lair:2   | Noticed Erica
 12217 | Lair:2   | Killed Erica
 12217 | Lair:2   | Reached skill level 5 in Shields
 12742 | Lair:2   | Noticed Harold
 12746 | Lair:2   | Killed Harold
 12762 | Lair:2   | Reached skill level 13 in Stealth
 12788 | Lair:2   | Reached skill level 10 in Short Blades
 12908 | Lair:3   | Found a staircase to the Shoals.
 12986 | Lair:3   | Reached XP level 13. HP: 67/83 MP: 14/14
 13685 | Lair:4   | Found a staircase to the Snake Pit.
 13978 | Lair:4   | Reached skill level 14 in Stealth
 14772 | Lair:5   | Received a gift from Okawaru
 15151 | Lair:6   | Found a staircase to the Slime Pits.
 15282 | Lair:6   | Received a gift from Okawaru
 15316 | Lair:6   | Noticed Nessos
 15334 | Lair:6   | Killed Nessos
 15441 | Lair:6   | Noticed Maud
 15520 | Lair:6   | Killed Maud
 16049 | Lair:7   | Reached XP level 14. HP: 90/90 MP: 15/15
 16100 | Lair:7   | Received a gift from Okawaru
 16100 | Lair:7   | Reached skill level 15 in Stealth
 17100 | Lair:7   | Reached XP level 15. HP: 97/97 MP: 15/18
 17119 | Lair:8   | Entered Level 8 of the Lair of Beasts
 17753 | Lair:8   | Received a gift from Okawaru
 17767 | Lair:8   | Got a bloodstained war axe
 18701 | Lair:8   | Got a translucent garnet amulet
 18704 | Lair:8   | Identified the amulet of Beauty {RegenMP rN+ Stlth+} (You found it on level 8 of the Lair of Beasts)
 18785 | Lair:8   | Received a gift from Okawaru
 19608 | D:11     | Got a polished long sword
 19854 | D:11     | Found a staircase to the Orcish Mines.
 20167 | D:11     | Received a gift from Okawaru
 20200 | D:11     | Reached XP level 16. HP: 106/106 MP: 19/19
 20256 | D:11     | Reached skill level 16 in Stealth
 20553 | Orc:1    | Entered Level 1 of the Orcish Mines
 20645 | Orc:2    | Entered Level 2 of the Orcish Mines
 21244 | Orc:2    | Received a gift from Okawaru
 21912 | Orc:2    | Gained mutation: You tend to lose your temper in combat. [a neqoxec]
 21938 | Orc:2    | Found Epainat's Armour Boutique.
 21938 | Orc:2    | Found Ahat's Gadget Emporium.
 21946 | Orc:2    | Found Zeggoq's General Store.
 21946 | Orc:2    | Found Keirph's Antique Armour Emporium.
 22035 | Orc:2    | Got a faintly glowing hat {god gift}
 22459 | Orc:2    | Bought a pair of glowing boots for 144 gold pieces
 22460 | Orc:2    | Bought a scroll of enchant armour for 112 gold pieces
 22462 | Orc:2    | Bought the +2 leather armour of Liberalism {Int+2 Slay+3 Stlth+} for 424 gold pieces
 22504 | Orc:2    | Identified the +0 hat of Broken Taboos {-Cast rF+ Slay+3 SInv} (Okawaru gifted it to you on level 2 of the Orcish Mines)
 22579 | Orc:2    | Found a staircase to the Elven Halls.
 22812 | Orc:1    | Found Poixzul's Practical Paraphernalia.
 23077 | D:12     | Reached skill level 15 in Dodging
 23239 | D:12     | Found Oxufaf's Antique Armour Emporium.
 23307 | D:12     | Noticed Urug
 23315 | D:12     | Killed Urug
 23382 | D:12     | Reached skill level 10 in Shields
 24042 | Lair:2   | Lost mutation: You tend to lose your temper in combat. [potion of cure mutation]
 24178 | Snake:1  | Entered Level 1 of the Snake Pit
 24389 | Snake:2  | Got a transparent hand axe
 24412 | Snake:2  | Noticed Frances
 24418 | Snake:2  | Killed Frances
 24515 | Snake:3  | Noticed Donald
 24515 | Snake:3  | Noticed a greater naga
 24515 | Snake:3  | Noticed a greater naga
 24516 | Snake:3  | Killed a greater naga
 24522 | Snake:3  | Killed Donald
 24588 | Snake:4  | Entered Level 4 of the Snake Pit
 24676 | Snake:4  | Reached skill level 17 in Stealth
 25156 | Snake:3  | Got a pitted chain mail
 25167 | Snake:3  | Identified the +3 chain mail of Hadjma {rPois rC+} (You found it on level 3 of the Snake Pit)
 25219 | Snake:3  | Noticed Vashnia
 25226 | Snake:3  | Reached XP level 17. HP: 57/114 MP: 12/20
 25255 | Snake:3  | Shot with an arrow by a naga sharpshooter

Vault maps used:
D:1:      minmay_arrival_wavy_path
D:2:      lemuel_round_altar
D:3:      lemuel_doored_altar, led_xom_imps,
          gammafunk_pakellas_statue_experiment, first_bread, minmay_crystal_room
D:4:      lemuel_crystal_altar, kennysheep_mini_moat, makhleb_heckhound_becter,
          kennysheep_decorative_pillar
D:5:      grunt_temple_overflow_open, uniq_sigmund
D:6:      slow_altar_1, supply_closet_lemuel, item_on_display_a
D:7:      minmay_temple_entry_glass, grunt_decor_one_mirror
D:8:      nicolae_qazlal_eye_of_the_storm, vehumet_altar_wand_db, serial_shops,
          shop, hangedman_tree_tricks
D:9:      kennysheep_housing_project, lemuel_zombie_altar_yredelemnul,
          grunt_gozag_statues, minmay_ruffians
D:10:     david_lair_generic
D:11:     zombieorc1_lemuel
D:12:     minmay_open_boxes_in_corner, serial_shops, shop, grunt_ministairs_7,
          uniq_urug
Lair:1:   grunt_megastairs_1, lemuel_fruit_tree
Lair:2:   dpeg_oklob_gauntlet, portal_ice_cave_entry_ice_beasts,
          lab_entry_generic, grunt_megastairs_5, uniq_harold, uniq_erica,
          uniq_nergalle, uniq_gastronok
Lair:3:   elwin_shoals_entry_rocks
Lair:4:   minmay_snake_entry_guardpost_small, st_stairs_7
Lair:6:   minmay_lair_oklob_chamber, minmay_slime_entry_pillars,
          beast_lair_carwin_11, lemuel_fruit_fields, uniq_maud, uniq_nessos
Lair:7:   eino_small_chamber_without_monster, serial_bayou_shore_b,
          grunt_megastairs_4
Lair:8:   evilmike_catoblepas_cave, infiniplex_staircase_pool,
          grunt_megastairs_3
Snake:1:  hangedman_snake_pattern, nicolae_snake_squiggles, uniq_agnes
Snake:2:  uniq_louise, uniq_frances
Snake:3:  uniq_donald, uniq_vashnia
Snake:4:  minmay_snake_end_coiled, spider_trap
Orc:1:    nicolae_alphabet_shops
Orc:2:    grunt_orc_tribal_feast
Lab:      nicolae_lab_garden, nicolae_lab_swirl, nicolae_lab_arrow, lab_block,
          nicolae_lab_flowing_pool, labyrinth_fake_exit

Skill      XL: |  1  2  3  4  5  6  7  8  9 10 11 12 13 14 15 16 |
---------------+-------------------------------------------------+-----
Stealth        | 5 6 8 10 11 13 14 15 17 | 17.1
Throwing       | 3 4 |  4.9
Dodging        | 2 4 6 7 9 11 12 13 14 15 | 15.4
Fighting       | 2 3 4 5 6 7 8 9 |  9.6
Armour         | 2 3 4 5 6 |  6.9
Short Blades   | 3 4 6 7 9 10 11 12 13 | 13.1
Evocations     | 1 3 |  3.0
Shields        | 3 5 6 8 9 10 | 10.5
Invocations    | 1 2 4 |  4.8

Action                   |  1- 3 |  4- 6 |  7- 9 | 10-12 | 13-15 | 16-18 || total
-------------------------+-------+-------+-------+-------+-------+-------++-------
Melee: Dagger            |    99 |   153 |   297 |   918 |  1323 |   672 ||  3462
 Fire: Blowgun           |    10 |    12 |       |       |       |       ||    22
Throw: Tomahawk          |     7 |     2 |    11 |     1 |     5 |       ||    26
       Throwing net      |       |       |       |       |     2 |       ||     2
Invok: Heroism           |       |       |     1 |     3 |    11 |     9 ||    24
       Finesse           |       |       |       |     2 |     3 |     3 ||     8
Evoke: Wand              |       |       |       |     9 |       |       ||     9
  Use: Scroll            |       |    10 |    13 |     8 |    15 |     1 ||    47
       Potion            |       |       |       |     3 |     4 |     6 ||    13
 Stab: Sleeping          |     8 |    10 |    20 |    41 |    66 |    33 ||   178
       Distracted        |       |       |     6 |     2 |    11 |    15 ||    34
       Confused          |       |       |       |     2 |       |       ||     2
       Held in net/web   |       |       |       |       |     1 |       ||     1
       Petrifying        |       |       |       |       |     3 |       ||     3
  Eat: Chunk             |     2 |     9 |     9 |    16 |    19 |    11 ||    66
       Fruit             |       |       |     1 |     3 |     4 |     4 ||    12
       Beef jerky        |       |       |       |       |     2 |       ||     2
       Meat ration       |       |       |       |       |       |     2 ||     2
Armor: Leather armour    |    14 |    29 |    33 |    90 |    46 |    36 ||   248
Dodge: Dodged            |    61 |   117 |   224 |   506 |   488 |   283 ||  1679
Block: Buckler           |       |       |       |   201 |   454 |   336 ||   991
       Reflection        |       |       |       |       |       |    27 ||    27
